 Dungeon Crawl Stone Soup version 0.17.1-2-g5865329 (webtiles) character file.

202 Mysteryquy the Slasher (level 5, -8/45 HPs)
             Began as a Minotaur Fighter on Jan 16, 2016.
             Mangled by an ogre
             ... wielding a cursed -1 giant club
              (21 damage)
             ... on level 4 of the Dungeon.
             The game lasted 00:03:04 (2215 turns).

Mysteryquy the Slasher (Minotaur Fighter)           Turns: 2215, Time: 00:03:04

Health: -8/45      AC:  6    Str: 22    XL:     5   Next: 50%
Magic:  4/4        EV:  7    Int:  5    God:
Gold:   74         SH:  9    Dex:  9    Spells: 0 memorised, 4 levels left

rFire  . . .     SeeInvis .     a - +0 long sword
rCold  . . .     Clarity  .     b - +0 scale mail
rNeg   . . .     SustAt   .     c - +0 shield
rPois  .         Gourm    .     n - +0 hat
rElec  .         Spirit   .     (no cloak)
rCorr  .         Warding  .     (no gloves)
rMut   .         Stasis   .     (no boots)
MR     .....                    (no amulet)
Stlth  ..........               (no ring)
                                (no ring)

@: not resistant to hostile enchantments, extremely unstealthy
A: retaliatory headbutt, horns 2
a: no special abilities


You were on level 4 of the Dungeon.
You were not hungry.

You visited 1 branch of the dungeon, and saw 4 of its levels.

You collected 74 gold pieces.

Inventory:

Hand Weapons
 a - a +0 long sword (weapon)
Armour
 b - a +0 scale mail (worn)
 c - a +0 shield (worn)
 n - a +0 hat (worn)
Jewellery
 k - a cursed ring of loudness {unknown}
Wands
 v - a wand of confusion (32)
Scrolls
 f - a scroll of random uselessness {unknown}
 g - a scroll of enchant weapon {unknown}
 j - 4 scrolls of identify {unknown}
 l - a scroll of noise {unknown}
 p - a scroll of recharging {unknown}
 s - a scroll of teleportation {unknown}
 t - 2 scrolls of remove curse {unknown}
 u - a scroll of amnesia {unknown}
 w - a scroll of magic mapping {unknown}
Potions
 d - a potion of might
 i - 2 potions of curing {unknown}
 m - a potion of mutation {unknown}
 q - a potion of poison {unknown}
Comestibles
 e - a bread ration
 h - 4 beef jerkies
 o - 4 fruits
 r - a royal jelly


   Skills:
 - Level 3.6 Fighting
 + Level 7.0 Long Blades
 - Level 3.6 Armour
 - Level 3.6 Shields


You had 4 spell levels left.
You didn't know any spells.

Dungeon Overview and Level Annotations

Branches:
Dungeon (4/15)
 Temple: D:4-7

Altars:
Fedhas
Ru
Trog
The Shining One


Innate Abilities, Weirdness & Mutations

You reflexively headbutt those who attack you in melee.
You have a pair of horns on your head.


Message History

You see here 11 arrows.
All of the chunks of flesh in your inventory have rotted away.
An ogre comes into view. It is wielding a giant club.
The ogre shouts!
Found a cyan potion.
An ogre is nearby!
You hit the ogre.
The ogre is lightly wounded.
The ogre barely misses you.
You barely miss the ogre.
The ogre is lightly wounded.
The ogre hits you with a giant club!!
You slash the ogre!
The ogre is moderately wounded.
The ogre hits you with a giant club!
* * * LOW HITPOINT WARNING * * *
You slash the ogre!
The ogre is severely wounded.
The ogre hits you with a giant club!!
You die...

..# ##.........####...#
#.. ..#
............#...#####..
#.##
!..............###...(.#
#..#
...............##..#####
##<#
...#........#.......##
#.#
.#......>..###...##..#
#.#
............##.#####.#
#..
.......O.##.##....##.###
..#
.......@.##....##.<....#
..#
.#............÷..)####.#
..# ##....###.###...##
#.# ...# ....#.#
#.....#)#####.. ... ..
....#...†...... .. #..
................ . ##
..####..........# .#.
#.......<...
#.........#.


You could see an ogre.

Vanquished Creatures
  An ogre (D:4)
  4 gnolls (D:2)
  2 adders (D:2)
  2 worms
  2 giant geckos
  5 bats
  4 giant cockroaches
  5 goblins
  7 hobgoblins
  2 jackals (D:4)
  2 quokkas
  2 ball pythons (D:1)
  3 giant newts
  8 kobolds
  4 rats
53 creatures vanquished.

Notes
Turn   | Place    | Note
--------------------------------------------------------------
     0 | D:1      | Mysteryquy the Minotaur Fighter began the quest for the Orb.
     0 | D:1      | Reached XP level 1. HP: 19/19 MP: 0/0
   214 | D:1      | Reached XP level 2. HP: 26/26 MP: 1/1
   721 | D:2      | Found a glowing golden altar of the Shining One.
   764 | D:2      | Reached skill level 4 in Long Blades
   785 | D:2      | Reached XP level 3. HP: 20/31 MP: 2/2
   809 | D:2      | Reached skill level 5 in Long Blades
   851 | D:2      | Found a blossoming altar of Fedhas.
   868 | D:2      | Reached XP level 4. HP: 31/39 MP: 3/3
  1571 | D:3      | Found a bloodstained altar of Trog.
  1730 | D:3      | Found a sacrificial altar of Ru.
  1928 | D:4      | Noticed a phantom
  1952 | D:4      | Noticed an ogre
  1955 | D:4      | Killed an ogre
  1955 | D:4      | Reached skill level 7 in Long Blades
  1955 | D:4      | Reached XP level 5. HP: 15/45 MP: 4/4
  2204 | D:4      | Noticed an ogre
  2215 | D:4      | Mangled by an ogre

Action                   |  1- 3 |  4- 6 || total
-------------------------+-------+-------++-------
Melee: Long sword        |    57 |    79 ||   136
  Eat: Chunk             |       |     4 ||     4
